Map: Overgrowth LE (Void)

Players

INnoVation - Winner!

  • Race: Terran Terran
  • League: Grandmaster
  • Spawn Location: 1:00

Classic

  • Race: Protoss Protoss
  • Spawn Location: 7:00

VOD

Have the link to the VOD?

Description

Time

  • Played on: Dec. 2, 2016, 9:40 a.m.
  • Length: 8:10
Show
View Real Time Build Order
Export as new Build Order

INnoVation Terran - Winner!

Build Orders: Reaper Expand, MMM Bio 

Get SALT Encoding   

  12  0:00  SCV  
  13  0:12  SCV  
  14  0:17  Supply Depot  
  14  0:24  SCV  
  15  0:28  Refinery  
  15  0:38  SCV  
  16  0:43  Barracks  
  16  0:50  SCV  
  17  1:03  SCV  
  18  1:15  SCV  
  19  1:30  Orbital Command, Reaper  
  20  1:43  Command Center  
  20  1:52  Factory  
  20  1:56  SCV  
  21  2:05  Refinery  
  21  2:06  Barracks Reactor  
  21  2:08  SCV  
  21  2:13  Supply Depot  
  22  2:21  SCV  
  23  2:35  SCV  
  24  2:37  Starport  
  24  2:42  Marine x2  
  24  2:43  Widow Mine  
  28  2:47  SCV  
  29  2:55  Orbital Command  
  29  2:59  SCV, Marine  
  29  3:00  Marine  
  32  3:11  SCV, Widow Mine  
  34  3:14  Medivac  
  34  3:17  Marine x2  
  38  3:21  SCV  
  38  3:23  SCV  
  40  3:29  Barracks  
  40  3:32  Supply Depot  
  40  3:34  SCV  
  40  3:36  SCV  
  40  3:37  Marine  
  40  3:38  Marine  
  40  3:40  Factory Tech Lab  
  44  3:46  SCV  
  44  3:48  SCV  
  46  3:55  Supply Depot, Marine  
  47  3:56  Marine  
  47  3:58  Siege Tank  
  47  4:00  SCV  
  47  4:01  SCV  
  52  4:05  Engineering Bay  
  52  4:12  SCV  
  52  4:13  SCV  
  52  4:15  Barracks Tech Lab  
  52  4:17  Marine x2  
  54  4:19  Supply Depot  
  56  4:25  SCV x2  
  56  4:28  Barracks  
  56  4:31  Terran Infantry Weapons Level 1, Refinery  
  56  4:35  Marine, Stimpack  
  56  4:37  Marine  
  58  4:39  SCV  
  58  4:40  SCV  
  58  4:43  Factory Reactor  
  58  4:44  Starport Reactor  
  60  4:49  Supply Depot  
  60  4:51  SCV  
  62  4:52  SCV  
  62  4:55  Missile Turret  
  62  4:56  Marine  
  62  4:57  Marine x2  
  65  5:03  Supply Depot  
  65  5:04  SCV  
  65  5:05  SCV  
  67  5:11  Supply Depot  
  67  5:14  Marine  
  68  5:15  Marine x2  
  68  5:19  Widow Mine x2  
  74  5:23  Medivac x2  
  74  5:26  Combat Shields  
  78  5:30  Missile Turret  
  76  5:36  Marauder  
  76  5:37  Marine x2, Marauder  
  76  5:40  Refinery  
  76  5:42  Supply Depot  
  82  5:45  SCV x2  
  82  5:46  Liberator  
  82  5:48  Widow Mine x2  
  88  5:55  Liberator, Marine x2  
  90  5:57  Marine x2  
  90  6:01  Supply Depot  
  95  6:07  Supply Depot  
  95  6:13  SCV x2, Marine x2  
  102  6:22  Marine x2, Widow Mine x2  
  108  6:26  Supply Depot  
  108  6:32  Liberator, Marine  
  108  6:33  Marine  
  108  6:39  Supply Depot  
  109  6:41  Marauder x2  
  113  6:51  Widow Mine x2  
  113  6:52  Liberator  
  120  6:57  Command Center  
  120  7:01  Marine x2  
  120  7:06  Supply Depot, Marauder x2  
  121  7:28  Marauder x2  
  121  7:29  Marine x2  
  118  7:38  Widow Mine x2  
  116  7:47  Marine x2  
  116  7:51  SCV x2  
Show
View Real Time Build Order
Export as new Build Order

Classic Protoss 

Build Orders: 1 Gate Expand, Phoenix Opening 

Get SALT Encoding   

  12  0:00  Probe (Chrono Boost)  
  13  0:11  Probe (Chrono Boost)  
  14  0:17  Pylon  
  14  0:22  Probe (Chrono Boost)  
  15  0:35  Gateway, Probe (Chrono Boost)  
  16  0:40  Assimilator  
  16  0:45  Probe (Chrono Boost)  
  17  0:56  Probe (Chrono Boost)  
  18  1:06  Probe (Chrono Boost)  
  19  1:17  Probe (Chrono Boost)  
  20  1:21  Nexus  
  20  1:30  Cybernetics Core  
  20  1:33  Probe (Chrono Boost)  
  21  1:40  Assimilator  
  21  1:45  Probe (Chrono Boost)  
  22  1:49  Pylon  
  22  1:56  Probe (Chrono Boost)  
  23  2:08  Adept (Chrono Boost), Mothership Core (Chrono Boost)  
  27  2:17  Warp Gate  
  27  2:26  Probe (Chrono Boost)  
  28  2:33  Probe (Chrono Boost)  
  28  2:34  Adept (Chrono Boost)  
  31  2:38  Probe (Chrono Boost)  
  32  2:44  Probe (Chrono Boost)  
  32  2:49  Probe (Chrono Boost)  
  32  2:50  Stargate  
  34  2:55  Probe (Chrono Boost)  
  35  2:59  Probe (Chrono Boost)  
  37  3:05  Probe (Chrono Boost)  
  37  3:08  Adept  
  37  3:10  Probe (Chrono Boost)  
  40  3:14  Pylon  
  40  3:16  Probe (Chrono Boost)  
  41  3:20  Probe (Chrono Boost)  
  41  3:24  Gateway  
  41  3:25  Gateway  
  42  3:29  Probe (Chrono Boost)  
  42  3:30  Probe (Chrono Boost)  
  42  3:33  Phoenix (Chrono Boost)  
  46  3:38  Adept  
  46  3:39  Probe  
  49  3:42  Probe  
  49  3:44  Pylon  
  52  3:56  Phoenix (Chrono Boost)  
  52  4:00  Probe  
  52  4:02  Probe  
  54  4:04  Pylon  
  54  4:19  Phoenix (Chrono Boost)  
  54  4:24  Robotics Facility  
  56  4:31  Adept x2, Stalker  
  58  4:33  Probe (Chrono Boost)  
  58  4:34  Assimilator, Probe (Chrono Boost)  
  58  4:36  Pylon  
  64  4:47  Nexus  
  66  4:55  Stalker x2  
  66  4:57  Adept  
  72  5:00  Probe x2 (Chrono Boost)  
  72  5:08  Pylon  
  72  5:09  Probe (Chrono Boost)  
  72  5:10  Pylon, Probe (Chrono Boost)  
  72  5:11  Observer (Chrono Boost)  
  75  5:22  Probe  
  75  5:24  Probe  
  77  5:32  Assimilator  
  77  5:33  Probe  
  77  5:34  Gateway  
  78  5:36  Probe  
  78  5:37  Gateway  
  78  5:38  Gateway  
  78  5:40  Immortal (Chrono Boost)  
  83  5:43  Probe  
  83  5:48  Sentry x2, Probe  
  89  5:50  Adept  
  91  5:59  Pylon, Probe x2  
  91  6:00  Probe, Pylon  
  94  6:06  Twilight Council  
  94  6:15  Immortal (Chrono Boost)  
  98  6:20  Adept x3  
  104  6:26  Probe x2  
  104  6:27  Probe  
  104  6:29  Pylon  
  105  6:35  Stalker x2  
  105  6:37  Stalker  
  111  6:41  Stalker x2  
  111  6:42  Stalker  
  117  6:58  Immortal (Chrono Boost)  
  117  6:59  Pylon  
  121  7:03  Stalker x3  
  121  7:04  Pylon  
  127  7:10  Adept x3  
  133  7:18  Pylon  
  133  7:21  Pylon  
  125  7:39  Stalker x5  
  71  7:52  Stalker  
Tags
 
Add a new tag
Caveats
  • Supply blocks, unpowered buildings, or Contaminate may cause inaccurate times.
  • Supply counts are checked every 10 seconds.